 Dungeon Crawl Stone Soup version 0.29.0-11-gd7f09526c8 (webtiles) character file.

Game seed: 4153039196394144722

102 smilodon the Trooper (level 4, -15/35 HPs)
             Began as a Demonspawn Fighter on Sept 6, 2022.
             Was an Initiate of Gozag.
             Demolished by an ogre
             ... wielding a +0 giant spiked club
              (28 damage)
             ... on level 4 of the Dungeon.
             The game lasted 00:04:14 (3832 turns).

smilodon the Trooper (Demonspawn Fighter)           Turns: 3832, Time: 00:04:15

Health: -15/35     AC:  7    Str: 18    XL:     4   Next: 49%
Magic:  4/4        EV:  9    Int: 11    God:    Gozag
Gold:   366        SH:  4    Dex: 13    Spells: 3/3 levels left

rFire   . . .      SeeInvis .   q - +10 whip "Eviscerator" {venom, Fly Int+2}
rCold   . . .      Faith    .   c - +0 buckler
rNeg    . . .      Spirit   .   b - +0 scale mail
rPois   .          Reflect  .   (no helmet)
rElec   .          Harm     .   (no cloak)
rCorr   .          Rampage  .   m - +0 pair of gloves
Will    .....                   (no boots)
Stlth   ..........              (no amulet)
HPRegen 0.11/turn               (no ring)
MPRegen 0.09/turn               (no ring)

@: flying
A: demonic guardian 1
a: Renounce Religion, Potion Petition, Call Merchant, Bribe Branch


You were on level 4 of the Dungeon.
You worshipped Gozag.
Gozag was aware of your devotion.
You visited 1 branch of the dungeon, and saw 4 of its levels.

You collected 366 gold pieces.

Inventory:

Hand Weapons
 a - a +0 war axe
 k - a +1 vampiric whip
 q - the +10 whip "Eviscerator" (weapon) {venom, Fly Int+2}
   (You found it on level 2 of the Dungeon)

   It poisons the flesh of those it strikes.
   Int:       It affects your intelligence (+2).
   Fly:       It grants you flight.
Missiles
 j - 3 javelins (quivered)
 x - 6 poisoned darts
Armour
 b - a +0 scale mail (worn)
 c - a +0 buckler (worn)
 m - a +0 pair of gloves (worn)
Scrolls
 g - 2 scrolls of teleportation
 h - a scroll of poison
 l - a scroll of noise
 p - 2 scrolls of enchant weapon
 r - 2 scrolls of blinking
 t - a scroll of immolation {unknown}
 w - a scroll of amnesia
 y - a scroll of identify
Potions
 d - a potion of might
 e - 2 potions of ambrosia
 f - a potion of berserk rage
 i - a potion of flight {unknown}
 o - a potion of invisibility {unknown}
 s - a potion of haste {unknown}
 u - 2 potions of curing {unknown}
 v - a potion of resistance {unknown}


   Skills:
 - Level 3.2 Fighting
 - Level 2.8(3.3) Axes
 * Level 2.3(3.0) Maces & Flails
 - Level 2.8 Armour
 - Level 0.3 Dodging
 - Level 0.1 Stealth
 - Level 2.8 Shields


You had 3 spell levels left.
You didn't know any spells.
Your spell library contained the following spells:

 Spells                   Type           Power      Damage    Failure   Level
 Confusing Touch          Hex            0%         N/A       99%         3
 Gell's Gravitas          Tloc           0%         N/A       99%         3
 Teleport Other           Tloc           0%         N/A       99%         3
 Yara's Violent Unravell  Hex/Tmut       0%         3d3       100%        5
 Dispersal                Tloc           0%         N/A       100%        6
 Enfeeble                 Hex            0%         N/A       100%        7


Dungeon Overview and Level Annotations

Branches:
Dungeon (4/15)             Temple (0/1) D:4

Altars:
Gozag
Qazlal
Xom


Innate Abilities, Weirdness & Mutations

A weak demonic guardian rushes to your aid.


Message History

You whack the endoplasm!
You kill the endoplasm!
No target in view!
No target in view!
No target in view!
No target in view!
No target in view!
No target in view!
No target in view!
You now have 354 gold pieces (gained 4).
y - a scroll of identify You reach down and open the door.
There is an open door here.
Found a dagger.
e - 2 potions of ambrosia (gained 1)
You now have 366 gold pieces (gained 12).
You reach down and open the door.
There is an open door here.
You reach down and open the door.
There is an open door here.
An ogre comes into view. It is wielding a +0 giant spiked club.
The ogre shouts!
The ogre hits you with a +0 giant spiked club!!
Ouch! That really hurt!
* * * LOW HITPOINT WARNING * * *
A demonic guardian appears!
You swap places.
The ogre hits your iron imp with a +0 giant spiked club!!
Your iron imp dies!
Your iron imp disappears in a puff of smoke!
There is an open door here.
You reach down and open the door.
There is an open door here.
As you read the scroll of summoning, it crumbles to dust.
Wisps of shadow whirl around you... The ogre attacks as you move away!
The ogre hits you with a +0 giant spiked club!!
Ouch! That really hurt!
You die...
Your body crumbles into a pile of gold.

# ... ......########.##.#.# # ...
..................... # #.#
........######.##+#.. # #.#
.....##[..####....... # #.# ####
###............ # #.#
##..##....... #
###'#######+#####...........
######.......#.........#.#.......
.....'.......'.O@......#.........
######.......#ooBo.o...#....#+#..
#.......#.........#.#..#.###
#.####..o.o.o...#.# #..#.### #.#
#.......o..+.# #....#..
#.####..........###.##.###.#
#.......#.#.#+#####.........
#######.#.#.# .............
#.#.#.# ########....<


You could see an ogre (ally target), 2 friendly orc wizards, 6 friendly orcs and
a friendly giant cockroach (summoned).

Vanquished Creatures
  Jessica (D:3)
  An adder (D:2)
  An ufetubus (D:4)
  2 dart slugs
  2 orcs (D:3)
  12 endoplasms
  A giant cockroach (D:3)
  4 goblins
  2 hobgoblins
  8 kobolds
  3 quokkas
  2 ball pythons (D:2)
  6 bats
  3 frilled lizards
  5 rats
53 creatures vanquished.

Notes
Turn   | Place    | Note
-------+----------+-------------------------------------------
     0 | D:1      | smilodon the Demonspawn Fighter began the quest for the
                  | Orb.
     0 | D:1      | Reached XP level 1. HP: 18/18 MP: 1/1
   379 | D:1      | Gained mutation: A weak demonic guardian rushes to your
                  | aid. [demonic ancestry]
   379 | D:1      | Reached XP level 2. HP: 20/24 MP: 2/2
   977 | D:1      | Found a faded altar of an unknown god.
  1011 | D:1      | Prayed at the altar of an unknown god.
  1011 | D:1      | Became a worshipper of Gozag Ym Sagoz the Greedy
  1582 | D:2      | Reached XP level 3. HP: 29/29 MP: 3/3
  2200 | D:2      | Found a shimmering altar of Xom.
  2311 | D:2      | Reached skill level 1 in Maces & Flails
  2424 | D:2      | Identified the +10 whip "Eviscerator" {venom, Fly Int+2}
  3095 | D:3      | Found a stormy altar of Qazlal.
  3192 | D:3      | Noticed Jessica
  3197 | D:3      | Killed Jessica
  3198 | D:3      | Reached XP level 4. HP: 33/35 MP: 4/4
  3658 | D:4      | Found a staircase to the Ecumenical Temple.
  3806 | D:4      | Noticed an ogre
  3832 | D:4      | Demolished by an ogre

Illustrated notes

Levels and vault maps discovered:
D:1:      psy_arrival_conway, layout_loops_ring, ebering_ecumenical_altar_hall
D:2:      kennysheep_big_flooded_room, layout_loops_corners, basic_altar
D:3:      layout_loops_ring, nicolae_qazlal_eye_of_the_storm,
          dreamdust_princess_bridge, kennysheep_jessica_study
D:4:      layout_basic, minmay_temple_entry_slanted,
          minmay_misc_feat_four_crosses

Skill      XL: |  1  2  3 |
---------------+----------+-----
Axes           | 2 |  2.8
Maces & Flails | 2 |  2.3
Fighting       | |  3.2
Armour         | |  2.8
Dodging        | |  0.3
Stealth        | |  0.1
Shields        | |  2.8

Action                   |  1- 3 |  4- 6 || total
-------------------------+-------+-------++-------
Melee: War axe           |    94 |       ||    94
       Whip              |    47 |     8 ||    55
  Use: Scroll            |     7 |     2 ||     9
       Potion            |     2 |       ||     2
Armor: Scale mail        |    70 |     1 ||    71
Dodge: Dodged            |    74 |     3 ||    77
Block: Buckler           |    37 |     4 ||    41
